 Dungeon Crawl Stone Soup version 0.18.1-48-g4cf74bf (webtiles) character file.

430 PossumBlood the Skirmisher (level 6, 0/45 HPs)
             Began as an Octopode Monk on Aug 17, 2016.
             Slain by an orc priest
             ... wielding a +0 mace
              (3 damage)
             ... on level 5 of the Dungeon.
             The game lasted 00:06:54 (3783 turns).

PossumBlood the Skirmisher (Octopode Monk)          Turns: 3783, Time: 00:06:54

Health: 0/45       AC:  1    Str: 10    XL:     6   Next: 99%
Magic:  6/6        EV: 15    Int: 13    God:
Gold:   285        SH:  0    Dex: 16    Spells: 0 memorised, 5 levels left

rFire  . . .     SeeInvis .       - Unarmed
rCold  . . .     Gourm    .     (no shield)
rNeg   . . .     Faith    .     (helmet restricted)
rPois  .         Spirit   .     (no amulet)
rElec  .         Dismiss  .     (no ring)
rCorr  +         Reflect  .     x - ring of resist corrosion
SustAt .         Harm     .     (no ring)
MR     .....                    (no ring)
Stlth  +++.......               (no ring)
                                (no ring)
                                (no ring)
                                (no ring)

@: not resistant to hostile enchantments, fairly stealthy
A: almost no armour, amphibious, 8 rings, constrict 8, camouflage 1, gelatinous
body 1
a: no special abilities


You were on level 5 of the Dungeon.
You were not hungry.

You visited 1 branch of the dungeon, and saw 5 of its levels.

You collected 285 gold pieces.

Inventory:

Jewellery
 x - a ring of resist corrosion (right tentacle)
Scrolls
 f - a scroll of enchant armour
 k - 2 scrolls of teleportation
 p - 5 scrolls of remove curse
 v - a scroll of enchant weapon
 w - 2 scrolls of identify
Potions
 c - a potion of invisibility {unknown}
 e - 2 potions of flight {unknown}
 g - a potion of degeneration {unknown}
 h - 2 potions of brilliance {unknown}
 i - 5 potions of curing {unknown}
 l - 3 potions of heal wounds {unknown}
 m - a potion of agility {unknown}
 n - 3 potions of haste {unknown}
 o - a potion of berserk rage {unknown}
 q - a potion of cure mutation {unknown}
 r - 2 potions of magic
 u - a potion of ambrosia {unknown}
Comestibles
 a - 3 bread rations
 b - 4 fruits
 d - 5 meat rations


   Skills:
 * Level 5.6 Fighting
 + Level 4.7 Dodging
 - Level 2.6 Stealth
 + Level 5.2 Unarmed Combat


You had 5 spell levels left.
You didn't know any spells.

Dungeon Overview and Level Annotations

Branches:
Dungeon (5/15)
 Temple: D:4-7

Altars:
Dithmenos
Fedhas
Trog
Zin


Innate Abilities, Weirdness & Mutations

You cannot wear most types of armour.
You are amphibious.
You can wear up to eight rings at the same time.
You can use your tentacles to constrict eight enemies at once.
Your skin changes colour to match your surroundings (Stealth).
Your rubbery body absorbs attacks (AC +1).


Message History

You are too injured to fight recklessly!
You are too injured to fight recklessly!
You are too injured to fight recklessly!
You are too injured to fight recklessly!
You are too injured to fight recklessly!
You are too injured to fight recklessly!
You are too injured to fight recklessly!
You are too injured to fight recklessly!
You are too injured to fight recklessly!
Unknown command.
You tentacle-slap the orc priest.
The orc priest is heavily wounded.
You constrict the orc priest, but do no damage.
The orc priest hits you with a mace!
* * * LOW HITPOINT WARNING * * *
You tentacle-slap the orc priest.
You tentacle-slap the orc priest, but do no damage.
The orc priest is severely wounded.
You constrict the orc priest. The orc priest hits you with a mace.
You die...

##.## #.#
######...###.#
.<...........#
#.####..†#####
#.......####
#..........# #
#.########.##
#.#####....(......#
#5o@..............#
..Z...#)#<.##########.#
##### #.#..#### #.#
#.#.....# #.# .....##.#
##.## #.##.##.# ##.#.#
..##.##.#####.###.
##.##.##.##...## ##
#.##.##.##.##.###.


You could see an orc priest, a crimson imp and a giant gecko zombie.

Vanquished Creatures
  2 scorpions
  A howler monkey (D:4)
  An orc wizard (D:5)
  A hound (D:5)
  Terence (D:3)
  3 worker ants
  3 adders (D:4)
  3 worms
  2 dart slugs
  5 giant geckos
  7 orcs
  4 ball pythons
  10 bats
  5 giant cockroaches
  8 goblins
  9 hobgoblins
  8 jackals
  A quokka (D:2)
  2 giant newts
  A jackal skeleton (D:4)
  6 kobolds
  A quokka skeleton (D:4)
  10 rats
94 creatures vanquished.

Notes
Turn   | Place    | Note
--------------------------------------------------------------
     0 | D:1      | PossumBlood the Octopode Monk began the quest for the Orb.
     0 | D:1      | Reached XP level 1. HP: 16/16 MP: 1/1
   288 | D:1      | Reached XP level 2. HP: 21/21 MP: 2/2
   568 | D:1      | Reached XP level 3. HP: 22/26 MP: 3/3
   977 | D:2      | Found a glowing silver altar of Zin.
  1044 | D:2      | Found a faded altar to an unknown god.
  1267 | D:2      | Reached XP level 4. HP: 33/33 MP: 4/4
  1633 | D:3      | Found a blossoming altar of Fedhas.
  1657 | D:3      | Noticed Terence
  1668 | D:3      | Killed Terence
  1767 | D:3      | Reached XP level 5. HP: 29/38 MP: 5/5
  1821 | D:3      | Found a shadowy altar of Dithmenos.
  2501 | D:4      | Reached skill level 5 in Fighting
  2501 | D:4      | Reached XP level 6. HP: 38/45 MP: 6/6
  2842 | D:4      | Reached skill level 5 in Unarmed Combat
  3218 | D:5      | Entered Level 5 of the Dungeon
  3290 | D:5      | Noticed a moth of wrath
  3292 | D:5      | Found a bloodstained altar of Trog.
  3782 | D:5      | HP: 2/45 [orc priest/mace (10)]
  3783 | D:5      | Slain by an orc priest

Skill      XL: |  1  2  3  4  5  6 |
---------------+-------------------+-----
Fighting       | 4 5 |  5.6
Dodging        | 4 |  4.7
Unarmed Combat | 5 |  5.2
Stealth        | |  2.6

Action                   |  1- 3 |  4- 6 || total
-------------------------+-------+-------++-------
Melee: Unarmed           |    87 |   133 ||   220
       Constrict         |    32 |    34 ||    66
       Tentacles         |    12 |    31 ||    43
       Punch             |     5 |     4 ||     9
  Use: Scroll            |       |    10 ||    10
 Stab: Sleeping          |    12 |    11 ||    23
       Distracted        |     1 |     1 ||     2
  Eat: Pizza             |     1 |     1 ||     2
       Fruit             |       |     2 ||     2
       Bread ration      |       |     1 ||     1
Armor: Skin              |     6 |     8 ||    14
Dodge: Dodged            |    52 |    63 ||   115
